 Dungeon Crawl Stone Soup version 0.22-a0-866-geee5034 (webtiles) character file.

25 Leszczynek the Ducker (level 2, 3/18 HPs)
             Began as a Deep Elf Monk on July 28, 2018.
             Quit the game on level 2 of the Dungeon.
             The game lasted 00:05:04 (597 turns).

Leszczynek the Ducker (Deep Elf Monk)                Turns: 597, Time: 00:05:05

Health: 3/18       AC:  3    Str:  8    XL:     2   Next: 82%
Magic:  7/7        EV: 14    Int: 14    God:
Gold:   26         SH:  0    Dex: 17    Spells: 5/5 levels left

rFire    . . .     SeeInvis .   a - +0 short sword
rCold    . . .     Gourm    .   (no shield)
rNeg     . . .     Faith    .   b - +0 robe
rPois    .         Spirit   .   k - +0 helmet
rElec    .         Reflect  .   (no cloak)
rCorr    .         Harm     .   (no gloves)
MR       .....                  (no boots)
Stlth    +++.......             (no amulet)
HPRegen  0.06/turn              (no ring)
MPRegen  0.10/turn              (no ring)

@: lethally poisoned (3 -> 0)
A: no striking features
a: no special abilities


You were on level 2 of the Dungeon.
You were not hungry.

You visited 1 branch of the dungeon, and saw 3 of its levels.

You collected 26 gold pieces.

Inventory:

Hand Weapons
 a - a +0 short sword (weapon)
 l - a +0 blowgun
Missiles
 c - 44 stones (quivered)
 e - 11 arrows
 j - 38 bolts
 m - 11 poisoned needles
Armour
 b - a +0 robe (worn)
 k - a +0 helmet (worn)
Jewellery
 h - an uncursed ring of fire
Scrolls
 i - a scroll of enchant weapon
Comestibles
 d - 2 rations
 f - 7 chunks of flesh


   Skills:
 - Level 2.4 Fighting
 - Level 3.0 Short Blades
 - Level 3.6 Dodging
 + Level 3.5 Stealth
 + Level 2.3 Spellcasting


You had 5 spell levels left.
You didn't know any spells.
Your spell library was empty.

Dungeon Overview and Level Annotations

Branches:
Dungeon (3/15)

Altars:


Message History

You hit the adder but do no damage.
The adder is moderately wounded.
The adder bites you.
You are poisoned.
The adder poisons you!
A hobgoblin comes into view.
You feel sick. The adder closely misses you.
The adder bites you but does no damage.
You climb upwards.
There is a stone staircase leading down here.
You aren't carrying any potions.
As you read the scroll labeled RUDIFUORULL, it crumbles to dust.
It is a scroll of identify.
i - a scroll of enchant weapon You feel sick.
The adder barely misses you.
You miss the adder.
The adder is moderately wounded.
The adder bites you.
* * * LOW HITPOINT WARNING * * *
Are you sure you want to abandon this character and quit the game? (Confirm with "yes".)

......#.#......#
###...#........#
####..######.###
......# #.#
.###..######.#
.##..........#######
.##.#..............#
...................#
................@..#
.................S.#
........###........#
........###........#
.........##.....)..#
..........).((.(.....#
......##.##..........#
......##.##..........#
......##.######.######


You could see an adder.

Vanquished Creatures
  A dart slug (D:1)
  A leopard gecko (D:2)
  5 bats
  2 giant cockroaches (D:2)
  A goblin (D:2)
  2 hobgoblins
  3 jackals
  3 kobolds
  A rat (D:2)
19 creatures vanquished.

Notes
Turn   | Place    | Note
-------+----------+-------------------------------------------
     0 | D:1      | Leszczynek the Deep Elf Monk began the quest for the Orb.
     0 | D:1      | Reached XP level 1. HP: 13/13 MP: 3/3
    74 | D:2      | Reached skill level 1 in Spellcasting
    95 | D:2      | HP: 2/13 [hobgoblin/club (4)]
   168 | D:1      | Reached skill level 3 in Stealth
   168 | D:1      | Reached XP level 2. HP: 7/18 MP: 4/6
   373 | D:2      | Reached skill level 2 in Spellcasting
   596 | D:2      | HP: 3/18 [adder (4)]
   597 | D:2      | Quit the game

Vault maps used:
D:1:      evilmike_arrival_run_for_it
D:2:      grunt_dithmenos_smoke
D:3:      serial_undead, serial_undead_c, serial_undead_e, serial_undead_a,
          serial_undead_d, serial_undead_b, serial_undead_e, serial_undead_e,
          gup_sewer_entry_spiral, hex_intersection

Skill      XL: |  1  2 |
---------------+-------+-----
Spellcasting   | 1 2 |  2.3
Stealth        | 3 |  3.5
Fighting       | |  2.4
Short Blades   | |  3.0
Dodging        | |  3.6

Action                   || total
-------------------------++-------
Melee: Short sword       ||    85
Throw: Stone             ||    11
  Use: Scroll            ||     1
 Stab: Sleeping          ||     3
Armor: Robe              ||    18
Dodge: Dodged            ||    79

Table legend:
 A = Spawn XP
 B = Non-spawn XP
 C = Spawn XP percentage of total XP
 D = Spawn monster count
 E = Non-spawn monster count
 F = Spawn count percentage of total count
 G = Total turns spent on level
                    A         B        C        D         E        F      G
               +---------+---------+-------+---------+---------+-------+---------
         Total |       0 |      36 |   0.0 |       0 |      19 |   0.0 |   597
               +---------+---------+-------+---------+---------+-------+---------
           D:1 |       0 |      13 |   0.0 |       0 |       6 |   0.0 |   310
           D:2 |       0 |      22 |   0.0 |       0 |      12 |   0.0 |   247
           D:3 |       0 |       1 |   0.0 |       0 |       1 |   0.0 |    40
               +---------+---------+-------+---------+---------+-------+---------
